 Dungeon Crawl Stone Soup version 0.29.1-1-gd02db69 (webtiles) character file.

Game seed: 17248690780561391647

89 Kel the Chopper (level 4, -5/28 HPs)
             Began as a Gargoyle Berserker on Nov 25, 2022.
             Was a Believer of Trog.
             Killed by divine providence
             ... invoked by an orc priest
              (14 damage)
             ... on level 3 of the Dungeon.
             The game lasted 00:03:19 (2649 turns).

Kel the Chopper (Gargoyle Berserker)                Turns: 2649, Time: 00:03:19

Health: -5/28      AC: 14    Str: 23    XL:     4   Next: 55%
Magic:  4/4        EV:  6    Int:  7    God:    Trog [**....]
Gold:   130        SH:  0    Dex:  9    Spells: 3/3 levels left

rFire   . . .      SeeInvis .   a - +0 hand axe
rCold   . . .      Faith    .   (no shield)
rNeg    + . .      Spirit   .   g - +0 plate armour
rPois   ∞          Reflect  .   (no helmet)
rElec   +          Harm     .   (no cloak)
rCorr   .          Rampage  .   (no gloves)
Will    .....                   (no boots)
Stlth   ..........              (no amulet)
HPRegen 0.09/turn               (no ring)
MPRegen 0.09/turn               (no ring)

@: confused
A: sickness immunity, AC +3, negative energy resistance 1, electricity
resistance, torment resistance 1, petrification resistance
a: Renounce Religion, Berserk, Trog's Hand


You were on level 3 of the Dungeon.
You worshipped Trog.
Trog was pleased with you.
You visited 1 branch of the dungeon, and saw 3 of its levels.

You collected 130 gold pieces.

Inventory:

Hand Weapons
 a - a +0 hand axe (weapon)
Armour
 g - a +0 plate armour (worn)
Jewellery
 k - an amulet of faith
Scrolls
 e - a scroll of immolation {unknown}
 f - 2 scrolls of identify {unknown}
 j - a scroll of teleportation {unknown}
 m - a scroll of blinking {unknown}
Potions
 b - a potion of might {unknown}
 c - a potion of mutation {unknown}
 d - a potion of heal wounds {unknown}
 h - a potion of magic {unknown}
 i - a potion of ambrosia {unknown}
 l - a potion of flight {unknown}
 n - 2 potions of resistance {unknown}


   Skills:
 - Level 3.2 Fighting
 + Level 4.7 Axes
 - Level 2.1 Armour
 - Level 1.5 Dodging


You had 3 spell levels left.
You didn't know any spells.
Your spell library was empty.

Dungeon Overview and Level Annotations

Branches:
Dungeon (3/15)

Altars:


Innate Abilities, Weirdness & Mutations

You are immune to sickness and miasma.
Your stone body is resilient. (AC +3)
You are immune to poison.
You resist negative energy. (rN+)
You are resistant to electric shocks. (rElec)
You are resistant to unholy torment.
You are immune to petrification.


Message History

The orc wizard hits you but does no damage.
The orc priest closely misses you.
You barely miss the orc priest.
The orc priest is heavily wounded.
You hit the orc wizard. The orc wizard casts a spell at you.
You are confused.
The orc priest hits you but does no damage.
You bump into the rock wall.
The orc wizard points at you and mumbles some strange words.
The puff of flame hits you but does no damage.
The orc priest hits you with a +0 hand axe.
You hit the orc priest.
The orc priest is severely wounded.
You hit the orc wizard.
The orc wizard gestures at you while chanting.
You resist with some effort.
The orc priest hits you but does no damage.
You closely miss the orc priest.
The orc priest is severely wounded.
You hit the orc wizard but do no damage.
The orc wizard hits you but does no damage.
The orc priest hits you but does no damage.
You barely miss the orc wizard.
The orc wizard is severely wounded.
You closely miss the orc priest.
The orc wizard hits you but does no damage.
The orc priest hits you but does no damage.
The orc wizard attacks as you move away!
The orc wizard hits you but does no damage.
The orc priest attacks as you move away!
The orc priest hits you but does no damage.
The orc wizard gestures at you while chanting.
The magic dart hits you.
You hit the orc priest.
The orc priest is almost dead.
The orc priest calls down the wrath of Beogh upon you.
Beogh smites you!
Ouch! That really hurt!
You die...

...o.. # ....oo .# #.#
.~..o~ ..# #.## ......
..###..########
##.#.)......o.o.
..+.....o###...
###+##+###.#...##.# #...
#......@##.#...##o###o..
+......oo..'...+....o...
#.....<.#..#...##..##...
#.......................
#######.#..######..##...
####.#..######.......
.................#...
.....................
####.............##..


You could see an orc priest and an orc wizard.

Vanquished Creatures
  3 adders (D:2)
  2 worms (D:2)
  A dart slug (D:2)
  4 orcs (D:2)
  4 endoplasms (D:1)
  4 giant cockroaches
  2 goblins (D:2)
  2 hobgoblins
  3 jackals (D:2)
  3 quokkas
  5 ball pythons
  5 bats
  2 frilled lizards (D:1)
  4 kobolds
  5 rats
49 creatures vanquished.

Notes
Turn   | Place    | Note
-------+----------+-------------------------------------------
     0 | D:1      | Kel the Gargoyle Berserker began the quest for the Orb.
     0 | D:1      | Reached XP level 1. HP: 14/14 MP: 1/1
   227 | D:1      | Reached skill level 3 in Axes
   245 | D:1      | Reached XP level 2. HP: 19/19 MP: 2/2
  1007 | D:2      | Reached XP level 3. HP: 23/23 MP: 3/3
  1038 | D:2      | Reached ** piety under Trog
  1134 | D:2      | Found a faded altar of an unknown god.
  1334 | D:2      | Reached skill level 4 in Axes
  1486 | D:2      | Reached XP level 4. HP: 28/28 MP: 4/4
  1933 | D:3      | HP: 1/28 [orc/+0 hand axe (2)]
  2649 | D:3      | Killed from afar by an orc priest

Illustrated notes

Levels and vault maps discovered:
D:1:      heliophobic_arrival_dark_side_of_the_moon, layout_rooms
D:2:      layout_loops_ring, ebering_ecumenical_altar_box
D:3:      cheibrodos_pilgrimage, layout_basic, nicolae_overflow_hidden_temple,
          uniq_terence

Skill      XL: |  1  2  3 |
---------------+----------+-----
Axes           | 3 4 |  4.7
Fighting       | |  3.2
Armour         | |  2.1
Dodging        | |  1.5

Action                   |  1- 3 |  4- 6 || total
-------------------------+-------+-------++-------
Melee: Hand axe          |   121 |    54 ||   175
       Punch             |       |     1 ||     1
Armor: Animal skin       |    31 |       ||    31
       Plate armour      |    62 |    46 ||   108
Dodge: Dodged            |    75 |    17 ||    92
